 Dungeon Crawl Stone Soup version 0.28.0 (webtiles) character file.

Game seed: 15908392522782780120

47 browni3141 the Chopper (level 3, -5/33 HPs)
             Began as a Minotaur Berserker on Feb 17, 2022.
             Was a Believer of Trog.
             Killed by nerve-wracking pain
             ... invoked by Grinder
              (12 damage)
             ... on level 3 of the Dungeon.
             The game lasted 00:00:46 (2252 turns).

browni3141 the Chopper (Minotaur Berserker)         Turns: 2252, Time: 00:00:47

Health: -5/33      AC:  2    Str: 23    XL:     3   Next: 48%
Magic:  2/2        EV: 12    Int:  4    God:    Trog [**....]
Gold:   89         SH:  0    Dex:  9    Spells: 2/2 levels left

rFire   + . .      SeeInvis .   a - +0 hand axe
rCold   x . .      Faith    .   (no shield)
rNeg    . . .      Spirit   .   b - +0 animal skin
rPois   .          Reflect  .   (helmet restricted)
rElec   .          Harm     .   (no cloak)
rCorr   .          Rampage  .   (no gloves)
Will    .....                   (no boots)
Stlth   +.........              (no amulet)
HPRegen 0.11/turn               F - ring of fire
MPRegen 0.08/turn               (no ring)

@: on berserk cooldown, slowed, very slow
A: horns 2, retaliatory headbutt
a: Renounce Religion, Berserk, Trog's Hand


You were on level 3 of the Dungeon.
You worshipped Trog.
Trog was pleased with you.
You visited 1 branch of the dungeon, and saw 3 of its levels.

You collected 89 gold pieces.


Innate Abilities, Weirdness & Mutations

You have a pair of horns on your head.
You reflexively headbutt those who attack you in melee.


   Skills:
 + Level 4.1 Fighting
 * Level 4.7 Axes
 + Level 3.1 Armour
 - Level 2.1 Dodging


You had 2 spell levels left.
You didn't know any spells.
Your spell library was empty.

Inventory:

Hand Weapons
 a - a +0 hand axe (weapon)
Armour
 b - a +0 animal skin (worn)
Jewellery
 F - a ring of fire (left hand)
Scrolls
 c - a scroll of acquirement {unknown}
 d - a scroll of enchant weapon {unknown}
 e - a scroll of blinking {unknown}
 h - a scroll of identify {unknown}
Potions
 f - a potion of curing {unknown}
 g - a potion of haste {unknown}
 i - a potion of heal wounds {unknown}

Dungeon Overview and Level Annotations

Branches:
Dungeon (3/15)

Altars:

Annotations:
D:3 Grinder

###### #...... .#
##.......
...########.......>
##.......##........
...........5.......
##.......@.......
#.......#........
...................
...######)#........
.. ...#........ .
#....#........
......#..[.....
#....$.#........
#......##.......


You could see Grinder.


Message History

You slash the jackal!
You kill the jackal!
Trog accepts your kill.
You can now call upon Trog for regeneration and willpower.
Grinder gestures at you.
You suddenly lose the ability to move!
Grinder gestures at you. Pain shoots through your body!
* * * LOW HITPOINT WARNING * * *
Grinder gestures at you. You resist with significant effort.
Grinder blinks!
Grinder gestures at you.
You shrug off the repeated paralysis!
Grinder gestures at you.
You shrug off the repeated paralysis!
You can move again.
You are too injured to fight recklessly!
You are too injured to fight recklessly!
Unknown command.
You are too berserk!
You are too injured to fight recklessly!
You are too injured to fight recklessly!
Found a stone staircase leading down.
You are no longer berserk.
You are exhausted.
You feel yourself slow down. Grinder gestures at you.
Pain shoots through your body!
You die...

Skill      XL: |  1  2 |
---------------+-------+-----
Axes           | 4 |  4.7
Fighting       | 4 |  4.1
Armour         | 3 |  3.1
Dodging        | |  2.1

Action                   || total
-------------------------++-------
Melee: Hand axe          ||    63
       Headbutt          ||     9
Invok: Berserk           ||     1
 Stab: Sleeping          ||     1
Armor: Animal skin       ||    15
Dodge: Dodged            ||    36

Levels and vault maps discovered:
D:1:      evilmike_arrival_rings, layout_basic
D:2:      layout_loops_cross
D:3:      minmay_roachtagon, layout_rooms, chequers_ecumenical_altar_island,
          chequers_garden, minmay_misc_feat_ornament, uniq_grinder, uniq_sigmund

Notes
Turn   | Place    | Note
-------+----------+-------------------------------------------
     0 | D:1      | browni3141 the Minotaur Berserker began the quest for the
                  | Orb.
     0 | D:1      | Reached XP level 1. HP: 19/19 MP: 0/0
   577 | D:1      | Reached skill level 4 in Axes
   577 | D:1      | Reached XP level 2. HP: 23/27 MP: 1/1
  1721 | D:2      | Reached skill level 4 in Fighting
  1780 | D:2      | Reached skill level 3 in Armour
  1966 | D:2      | Reached XP level 3. HP: 18/33 MP: 2/2
  2232 | D:3      | Noticed Grinder
  2237 | D:3      | Paralysed by Grinder for 3 turns
  2243 | D:3      | Reached ** piety under Trog
  2243 | D:3      | Paralysed by Grinder for 7 turns
  2252 | D:3      | Killed from afar by Grinder

Vanquished Creatures
  An adder (D:3)
  A dart slug (D:1)
  5 ball pythons
  5 endoplasms
  3 goblins
  A hobgoblin (D:1)
  6 jackals
  A quokka (D:2)
  2 bats (D:2)
  A frilled lizard (D:2)
  2 kobolds (D:1)
  4 rats
32 creatures vanquished.

Table legend: (Time is in decaauts)
 A = Elapsed time spent in this place.
 B = Non-inter-level travel time spent in this place.
 C = Inter-level travel time spent in this place.
 D = Time resting spent in this place.
 E = Time spent auto-exploring this place.
 F = Levels seen in this place.
 G = Mean time per level.
                   A        B        C        D        E       F      G
               +--------+--------+--------+--------+--------+-----+--------+
         Total |   2255 |   2227 |     28 |      0 |   2024 |   3 |  751.7 |
       Dungeon |   2255 |   2227 |     28 |      0 |   2024 |   3 |  751.7 |
               +--------+--------+--------+--------+--------+-----+--------+

Top non-repeatable levels by time:
     D:1: 1565 daAuts
     D:2: 669 daAuts
     D:3: 20 daAuts

Table legend:
 A = Non-vault XP
 B = Vault XP
 C = Vault XP percentage of total XP
 D = Non-vault monster count
 E = Vault monster count
 F = Vault count percentage of total count
                 A         B        C        D         E       F
            +---------+---------+-------+---------+---------+-------
      Total |      68 |       0 |   0.0 |      32 |       0 |   0.0
            +---------+---------+-------+---------+---------+-------
        D:1 |      23 |       0 |   0.0 |      13 |       0 |   0.0
        D:2 |      22 |       0 |   0.0 |      13 |       0 |   0.0
        D:3 |      23 |       0 |   0.0 |       6 |       0 |   0.0
            +---------+---------+-------+---------+---------+-------
